 Dungeon Crawl Stone Soup version bcrawl-1.27.1d (webtiles) character file.

Game seed: 4852111926783418728

139251 Kalegnar the Sneak (level 5, -3/24 HPs)
             Began as a Spriggan Enchanter on July 18, 2020.
             Slain by an ogre (14 damage)
             ... on level 4 of the Dungeon.
             The game lasted 00:18:22 (3495 turns).

Kalegnar the Sneak (Spriggan Enchanter)             Turns: 3495, Time: 00:18:23

Health: -3/24      AC:  3    Str:  4    XL:     5   Next: 82%
Magic:  0/11       EV: 19    Int: 17    God:
Gold:   174        SH:  0    Dex: 17    Spells: 2/11 levels left

rFire    . . .     SeeInvis +   a - +1 dagger
rCold    . . .     Gourm    .   (shield restricted)
rNeg     . . .     Faith    .   b - +0 robe
rPois    .         Spirit   .   (helmet restricted)
rElec    .         Reflect  .   h - +0 cloak
rCorr    .         Harm     .   (gloves unavailable)
MR       .....                  (boots unavailable)
Stlth    +++.......             (no amulet)
HPRegen  0.08/turn              (no ring)
MPRegen  0.12/turn              (no ring)

@: drained, very quick
A: very small, unfitting armour, see invisible, herbivore, speed 3, slow
metabolism 2
a: no special abilities


You were on level 4 of the Dungeon.
You were not hungry.

You visited 1 branch of the dungeon, and saw 4 of its levels.

You collected 174 gold pieces.

Inventory:

Hand Weapons
 a - a +1 dagger (weapon)
Armour
 b - a +0 robe (worn)
 h - a +0 cloak (worn)
Wands
 p - a wand of flame (23)
 q - a wand of random effects (13)
Scrolls
 d - 2 scrolls of fog
 g - 2 scrolls of identify
 j - 4 scrolls of amnesia {unknown}
 l - a scroll of blinking {unknown}
 m - a scroll of magic mapping {unknown}
 n - a scroll of enchant weapon {unknown}
 r - a scroll of remove curse {unknown}
Potions
 c - 2 potions of curing {unknown}
 f - 2 potions of invisibility
 i - a potion of ambrosia {unknown}
 k - a potion of lignification {unknown}
 o - a potion of berserk rage {unknown}
 s - a potion of haste {unknown}
Comestibles
 e - 2 rations {!d}


   Skills:
 * Level 4.0(3.2) Short Blades
 + Level 4.3(3.4) Dodging
 + Level 5.9(5.0) Stealth
 + Level 3.8(2.9) Spellcasting
 + Level 4.4(3.5) Hexes
 - Level 1.0(0.1) Ice Magic
 + Level 1.4(0.6) Evocations


You had 2 spell levels left.
You knew the following spells:

 Your Spells              Type           Power        Failure   Level  Hunger
a - Corona                Hex            ##.....      4%          1    None
b - Ensorcelled Hibernat  Hex/Ice        #.....       12%         2    #......
c - Tukima's Dance        Hex            ##......     12%         3    ####...
d - Confuse               Hex            ##......     12%         3    ####...

Your spell library contained the following spells:

 Spells                   Type           Power        Failure   Level  Hunger
 Dazzling Orbs            Conj/Hex       #......      26%         3    ####...


Dungeon Overview and Level Annotations

Branches:
Dungeon (4/12)
 Temple: D:4-7

Altars:
Trog
Yredelemnul


Innate Abilities, Weirdness & Mutations

You are very small and have problems with some larger weapons.
You are too small for most types of armour.
You have supernaturally acute eyesight. (SInv)
You are a herbivore.
You cover ground extremely quickly.
You need to consume almost no food.


Message History

Press: ? - help, Shift-Dir - straight line, f/p - sky beast
Aim: a sky beast (moderately wounded, chance to defeat MR: 50%)
The sky beast is outlined in light.
Your +0 giant spiked club hits the ogre.
Your +0 giant spiked club hits the jackal.
The jackal dies!
Your +0 giant spiked club hits the sky beast.
The ogre barely misses you.
The sky beast hits you but does no damage.
You hit the sky beast but do no damage.
The sky beast is heavily wounded.
The jackal barely misses you.
You hit the sky beast but do no damage.
The sky beast is heavily wounded.
The jackal barely misses you. The sky beast hits you. The sky beast shocks you.
The ogre misses you. The jackal completely misses you.
You closely miss the jackal. The sky beast barely misses you.
The ogre hits you!
Ouch! That really hurt!
You die...

.................#...
..............###.
..............#..
......>.....#..#
............#..##
................#
...........†(..##
...........OY...####
....#......h@.......
....#............... ####
...#.###............ ##..#
..
#................##...##
........$..............###
............!......<....#
#....#.#.#.#.#.##...#..##
................#..## ##
.....#.......#.....


You could see a sky beast, an ogre, a jackal and a friendly +0 giant spiked
club.

Vanquished Creatures
  An orc wizard (D:4)
  2 worker ants (D:3)
  A hound skeleton (D:3)
  4 adders
  3 oozes
  3 worms
  A dart slug (D:1)
  5 leopard geckos
  12 orcs
  4 giant cockroaches
  5 goblins
  12 hobgoblins
  A jackal (D:4)
  5 quokkas
  5 bats
  3 frilled lizards (D:2)
  10 kobolds
  10 rats
87 creatures vanquished.

Vanquished Creatures (collateral kills)
  A jackal (D:4)
1 creature vanquished.

Grand Total: 88 creatures vanquished

Notes
Turn   | Place    | Note
-------+----------+-------------------------------------------
     0 | D:1      | Kalegnar the Spriggan Enchanter began the quest for the
                  | Orb.
     0 | D:1      | Reached XP level 1. HP: 9/9 MP: 5/5
   152 | D:1      | Reached skill level 5 in Stealth
   167 | D:1      | Reached XP level 2. HP: 8/13 MP: 3/6
   184 | D:1      | Learned a level 2 spell: Ensorcelled Hibernation
   982 | D:2      | Reached XP level 3. HP: 14/16 MP: 8/8
   987 | D:2      | Learned a level 3 spell: Tukima's Dance
  1581 | D:2      | Noticed a moth of wrath
  1592 | D:2      | Found a bloodstained altar of Trog.
  1620 | D:2      | Reached XP level 4. HP: 21/21 MP: 6/9
  1880 | D:3      | Learned a level 3 spell: Confuse
  2504 | D:3      | Got a crude silver ring
  2505 | D:3      | Identified the ring "Kedou" {*Drain rPois rC+ Stlth--} (You
                  | found it on level 3 of the Dungeon)
  2802 | D:3      | Reached XP level 5. HP: 23/24 MP: 11/11
  2857 | D:3      | Reached skill level 1 in Ice Magic
  3154 | D:4      | Noticed an ogre
  3261 | D:4      | Found a basalt altar of Yredelemnul.
  3293 | D:4      | Reached skill level 1 in Evocations
  3467 | D:4      | Noticed a sky beast
  3495 | D:4      | Slain by an ogre

Skill      XL: |  1  2  3  4  5 |
---------------+----------------+-----
Stealth        | 5 |  5.9
Short Blades   | 2 3 4 |  4.0
Spellcasting   | 3 |  3.8
Hexes          | 4 |  4.4
Dodging        | 4 |  4.3
Ice Magic      | 1 |  1.0
Evocations     | 1 |  1.4

Action                   |  1- 3 |  4- 6 || total
-------------------------+-------+-------++-------
Melee: Dagger            |   100 |   150 ||   250
 Cast: Corona            |     6 |    12 ||    18
       Ensorcelled Hiber |    23 |    42 ||    65
       Confuse           |       |     2 ||     2
       Tukima's Dance    |       |     4 ||     4
 Stab: Sleeping          |    26 |    27 ||    53
       Distracted        |     2 |       ||     2
       Confused          |       |     1 ||     1
  Eat: Ration            |       |     3 ||     3
Armor: Robe              |     9 |    19 ||    28
Dodge: Dodged            |    57 |   138 ||   195
